 Dungeon Crawl Stone Soup version 0.30-a0-34-gbe8da3892a (webtiles) character file.

Game seed: 2216361184666168758

11 timneilson the Shield-Bearer (level 2, 0/19 HPs)
             Began as a Gargoyle Fighter on Aug 27, 2022.
             Slain by a goblin
             ... wielding a +0 club
              (4 damage)
             ... on level 1 of the Dungeon.
             The game lasted 00:00:30 (352 turns).

timneilson the Shield-Bearer (Gargoyle Fighter)      Turns: 352, Time: 00:00:31

Health: 0/19       AC:  9    Str: 19    XL:     2   Next: 29%
Magic:  2/2        EV:  9    Int:  8    God:
Gold:   26         SH:  4    Dex:  9    Spells: 1/1 levels left

rFire   . . .      SeeInvis .    a - +0 long sword
rCold   . . .      Faith    .    c - +0 buckler
rNeg    + . .      Spirit   .    b - +0 scale mail
rPois   ∞          Reflect  .    (no helmet)
rElec   +          Harm     .    (no cloak)
rCorr   .          Rampage  .    (no gloves)
Will    .....                    (no boots)
Stlth   ..........               (no amulet)
HPRegen 0.06/turn                (no ring)
MPRegen 0.08/turn                (no ring)

@: no status effects
A: sickness immunity, AC +2, negative energy resistance 1, electricity
resistance, torment resistance 1, petrification resistance
a: no special abilities


You were on level 1 of the Dungeon.
You visited 1 branch of the dungeon, and saw 1 of its levels.

You collected 26 gold pieces.

Inventory:

Hand Weapons
 a - a +0 long sword (weapon)
Armour
 b - a +0 scale mail (worn)
 c - a +0 buckler (worn)
Scrolls
 e - a scroll of vulnerability {unknown}
 f - a scroll of teleportation {unknown}
 g - a scroll of magic mapping {unknown}
Potions
 d - a potion of might


   Skills:
 + Level 3.3 Fighting
 * Level 2.0 Long Blades
 * Level 3.4 Armour
 + Level 0.2 Dodging
 * Level 3.5 Shields


You had one spell level left.
You didn't know any spells.
Your spell library was empty.

Dungeon Overview and Level Annotations

Branches:
Dungeon (1/15)

Altars:


Innate Abilities, Weirdness & Mutations

You are immune to sickness and miasma.
Your stone body is resilient. (AC +2)
You are immune to poison.
You resist negative energy. (rN+)
You are resistant to electric shocks. (rElec)
You are resistant to unholy torment.
You are immune to petrification.


Message History

The hobgoblin hits you but does no damage.
You block the bat's attack.
You slash the hobgoblin!
You kill the hobgoblin!
The bat hits you but does no damage. x2; The endoplasm closely misses you.
The goblin hits you but does no damage.
You hit the endoplasm.
The endoplasm is severely wounded.
You block the bat's attack.
The endoplasm hits you but does no damage.
The goblin hits you with a +0 club. x2; The endoplasm barely misses you.
The goblin hits you but does no damage. The goblin barely misses you.
A goblin comes into view. It is wielding a +0 dagger.
You block the bat's attack. The endoplasm closely misses you.
The goblin hits you with a +0 club. The bat hits you but does no damage.
The bat closely misses you. The bat hits you. The goblin barely misses you.
The bat attacks as you move away! The bat hits you but does no damage.
The bat hits you. The bat hits you but does no damage.
The bat hits you but does no damage. The bat attacks as you move away!
The bat hits you but does no damage. x2
The bat closely misses you. The bat hits you but does no damage. x2
You closely miss the bat. The bat hits you but does no damage. x2
You miss the bat. The bat closely misses you.
The bat hits you but does no damage. x2
You slash the bat!
You kill the bat!
The endoplasm freezes you.
You are frozen.
* * * LOW HITPOINT WARNING * * *
You completely miss the endoplasm.
The endoplasm is heavily wounded.
The endoplasm hits you but does no damage.
You slash the endoplasm!
You kill the endoplasm!
You barely miss the goblin. You block the goblin's attack.
The goblin hits you with a +0 club.
You die...

.# #.# #.########..# .... ...
#.# #..# #.#.# #.# #.# #).#
........ #.# #..# #.#.#.####
#.# #..# ........#
#.########..# #.#g#.#.##.#
#.##........#
g........#.######.##.######.#
#.#.#.#.#....gg@.....†......#
.........########.##.########
#.#.#.#.## #.##.# # #####
#.##.# #....# #.#### ###


You could see 2 goblins.

Vanquished Creatures
  An endoplasm (D:1)
  A giant cockroach (D:1)
  A goblin (D:1)
  2 hobgoblins (D:1)
  2 ball pythons (D:1)
  2 bats (D:1)
  A rat (D:1)
10 creatures vanquished.

Notes
Turn   | Place    | Note
-------+----------+-------------------------------------------
     0 | D:1      | timneilson the Gargoyle Fighter began the quest for the
                  | Orb.
     0 | D:1      | Reached XP level 1. HP: 14/14 MP: 1/1
   279 | D:1      | Reached XP level 2. HP: 19/19 MP: 2/2
   352 | D:1      | Slain by a goblin

Illustrated notes

Levels and vault maps discovered:
D:1:      onia_arrival_pyramid, layout_basic, chequers_serial_rivers_room_b,
          st_stairs_10

Skill      XL: |  1 |
---------------+----+-----
Long Blades    | 2 |  2.0
Fighting       | |  3.3
Armour         | |  3.4
Dodging        | |  0.2
Shields        | |  3.5

Action                   || total
-------------------------++-------
Melee: Long sword        ||    34
Armor: Scale mail        ||    42
Dodge: Dodged            ||    16
Block: Buckler           ||    12

Table legend: (Time is in decaauts)
 A = Elapsed time spent in this place.
 B = Non-inter-level travel time spent in this place.
 C = Inter-level travel time spent in this place.
 D = Time resting spent in this place.
 E = Time spent auto-exploring this place.
 F = Levels seen in this place.
 G = Mean time per level.
                   A        B        C        D        E       F      G
               +--------+--------+--------+--------+--------+-----+--------+
         Total |    363 |    363 |      0 |      0 |    278 |   1 |  363.0 |
       Dungeon |    363 |    363 |      0 |      0 |    278 |   1 |  363.0 |
               +--------+--------+--------+--------+--------+-----+--------+

Top non-repeatable levels by time:
     D:1: 363 daAuts
